 Dungeon Crawl Stone Soup version 0.31-a0-1074-g0b22e4e0f1 (webtiles) character file.

Game seed: 6133540480095906395

65 javelincjr the Magician (level 4, -3/32 HPs)
             Began as a Djinni Fire Elementalist on Dec 4, 2023.
             Slain by a wraith (7 damage)
             ... in an ossuary.
             The game lasted 00:08:48 (2884 turns).

javelincjr the Magician (Djinni Fire Elementalist)  Turns: 2884, Time: 00:08:49

Health: -3/32      AC:  3    Str:  7    XL:     4   Next: 34%
Gold:   179        EV: 13    Int: 18    God:
                   SH:  0    Dex: 14

rFire   + . .        u - +5 trident of the Dull God {venom, rCorr}
rCold   . . .        (no shield)
rNeg    . . .        a - +0 robe
rPois   ∞            r - +0 helmet
rElec   .            (no cloak)
rCorr   +            (no gloves)
SInv    .            (boots unavailable)
Will    .....        (no amulet)
Stlth   ++           d - ring of ice
HPRegen 0.25/turn    (no ring)
MPRegen 0.00/turn

%: infuse magic (-4 HP)
@: flying, very slightly contaminated, slowed, very slow
A: sickness immunity, fire resistance 2, cold vulnerability 1, float, innate
caster, HP casting, extra vitality 1
a: no special abilities


You were in an ossuary.
You visited 1 branch of the dungeon, and saw 4 of its levels.
You also visited: Ossuary.

You collected 179 gold pieces.

Inventory:

Hand Weapons
 i - a +2 dagger of speed
 u - the +5 trident of the Dull God (weapon) {venom, rCorr}
   (You found it on level 3 of the Dungeon)

   rCorr:     It protects you from acid and corrosion.
Armour
 a - a +0 robe (worn)
 r - a +0 helmet (worn)
Jewellery
 d - a ring of ice (left hand)
Scrolls
 b - a scroll of noise
 e - 2 scrolls of amnesia
 l - a scroll of blinking {unknown}
 o - 2 scrolls of brand weapon {unknown}
Potions
 k - a potion of heal wounds
 m - a potion of ambrosia
 n - a potion of degeneration
 p - a potion of might {unknown}
 q - a potion of brilliance {unknown}
 s - a potion of attraction {unknown}
 t - 2 potions of curing {unknown}


   Skills:
 + Level 1.5 Fighting
 + Level 0.0 Polearms
 + Level 3.0 Dodging
 - Level 1.5 Stealth
 * Level 3.5 Spellcasting
 * Level 3.5 Conjurations
 * Level 3.5 Hexes
   Level 0.0 Charms
 * Level 3.5 Summonings
 * Level 3.5 Necromancy
 * Level 3.5 Translocations
 * Level 3.5 Transmutations
 * Level 3.5 Fire Magic
 * Level 3.5 Ice Magic
 * Level 3.5 Air Magic
 * Level 3.5 Earth Magic
 * Level 3.5 Poison Magic


You knew the following spells:

 Your Spells              Type           Power      Damage    Failure   Level
a - Foxfire               Conj/Fire      64%        2x1d7     3%          1
b - Scorch                Fire           32%        2d6       5%          2
c - Volatile Blastmotes   Fire/Tloc      32%        2d12      11%         3
d - Inner Flame           Hex/Fire       16%        N/A       11%         3
e - Flame Wave            Conj/Fire      16%        2d7       34%         4
f - Slow                  Hex            64%        N/A       3%          1
Your spell library was empty.

Dungeon Overview and Level Annotations

Branches:
Dungeon (4/15)            Ossuary (1/1)
 Temple: D:4-7

Altars:


Innate Abilities, Weirdness & Mutations

You are immune to sickness and miasma.
You are immune to poison.
Your flesh is very heat resistant. (rF++)
You are vulnerable to cold. (rC-)
You float through the air rather than walking.
You learn spells naturally, not from books.
Your magical power is your life essence.
You have superior vitality. (+4 MHP)


Message History

No target in view!
Your foxfire dissipates! x2
HP restored.
A goblin zombie comes into view.
The goblin zombie moves out of view.
You reach down and open the door.
A wraith comes into view.
Found a scroll labelled DUPAULIKON.
You barely miss the wraith. The wraith hits you. The wraith drains your vigour!
You feel yourself slow down.
You conjure some foxfire!
The wraith barely misses you. The wraith misses you.
The foxfire hits the wraith but does no damage. x2
You miscast Foxfire.
You are very lightly contaminated with residual magic.
Nothing appears to happen.
The wraith closely misses you. The wraith hits you.
Casting: Foxfire (safe; 3% risk of failure)
Confirm with . or Enter, or press ? or * to list all spells.
Flames lash the wraith but do no damage.
The wraith misses you.
Casting: Scorch (safe; 5% risk of failure)
Confirm with . or Enter, or press ? or * to list all spells.
Flames lash the wraith.
The wraith is moderately damaged.
The wraith's fire resistance burns away.
The wraith hits you. The wraith drains your vigour!
You feel as though you will be slow longer.
A hobgoblin zombie comes into view.
The wraith hits you!
* * * LOW HITPOINT WARNING * * *
Casting: Scorch (safe; 5% risk of failure)
Confirm with . or Enter, or press ? or * to list all spells.
Flames lash the wraith but do no damage.
* * * LOW HITPOINT WARNING * * *
The wraith barely misses you.
Casting: Scorch (safe; 5% risk of failure)
Confirm with . or Enter, or press ? or * to list all spells.
Flames lash the wraith but do no damage.
* * * LOW HITPOINT WARNING * * *
The wraith hits you!
You die...

...####.###
.......... .#
#........ .# .
#......## ..# ..
#...8...+ ..#
...###......####..#
..................#
..............@...#
#..#.#..#.#..#W#..#
#. #..#+#..#'# .#
#.. #..# #..#?# #
###..###..###..###
.................
.................
#####'''#########
##...##


You could see a wraith (combustible).

Vanquished Creatures
  2 adders (D:3)
  2 bats
  2 endoplasms
  3 giant cockroaches
  5 goblins
  5 hobgoblins
  9 kobolds
  5 quokkas
  2 ball pythons (D:1)
  4 frilled lizards
  2 goblin zombies (Ossuary)
  A hobgoblin zombie (Ossuary)
  4 rats
46 creatures vanquished.

Vanquished Creatures (others)
  144 foxfires
144 creatures vanquished.

Grand Total: 190 creatures vanquished

Notes
Turn   | Place    | Note
-------+----------+-------------------------------------------
     0 | D:1      | javelincjr the Djinni Fire Elementalist began the quest for
                  | the Orb.
     0 | D:1      | javelincjr set off with the following spells memorised:
                  | Foxfire, Scorch, Volatile Blastmotes, Inner Flame, Flame
                  | Wave.
     0 | D:1      | Reached XP level 1. HP: 15/15 MP: 0/0
   294 | D:1      | Reached XP level 2. HP: 15/22 MP: 0/0
  1149 | D:2      | Reached XP level 3. HP: 24/26 MP: 0/0
  1149 | D:2      | Learned a level 1 spell: Slow
  1189 | D:2      | Found a faded altar of an unknown god.
  1288 | D:2      | Reached skill level 1 in Fighting
  2277 | D:3      | Reached XP level 4. HP: 28/32 MP: 0/0
  2729 | D:3      | Identified the +5 trident of the Dull God {venom, rCorr}
  2828 | D:4      | Found a sand-covered staircase.
  2833 | Ossuary  | Entered an ossuary
  2833 | Ossuary  | Noticed a wraith
  2833 | Ossuary  | Noticed a wraith
  2833 | Ossuary  | Noticed a wraith
  2876 | Ossuary  | Noticed a wraith
  2884 | Ossuary  | Slain by a wraith

Illustrated notes

Levels and vault maps discovered:
D:1:      matt_arrival_spirals, layout_basic
D:2:      layout_basic, hellmonk_ecumenical_altar_pennies_from_heaven,
          lexackson_kobold_supper
D:3:      layout_basic, hangedman_abyss_or_decor_lesser_grid,
          hangedman_glass_teeth, kennysheep_generic_room_9
D:4:      layout_loops_corners, makhleb_heckhound_becter, enter_ossuary_5,
          gammafunk_ghost_mausoleum
Ossuary:  ossuary_kennysheep_city_of_the_dead

Skill      XL: |  1  2  3  4 |
---------------+-------------+-----
Spellcasting   | |  3.5
Conjurations   | |  3.5
Hexes          | |  3.5
Summonings     | |  3.5
Necromancy     | |  3.5
Translocations | |  3.5
Transmutations | |  3.5
Fire Magic     | |  3.5
Ice Magic      | |  3.5
Air Magic      | |  3.5
Earth Magic    | |  3.5
Poison Magic   | |  3.5
Fighting       | 1 |  1.5
Dodging        | 3 |  3.0
Stealth        | |  1.5

Action                     |  1- 3 |  4- 6 || total
---------------------------+-------+-------++-------
  Melee: Unarmed           |     3 |       ||     3
         Dagger            |    11 |     3 ||    14
         Trident           |       |     3 ||     3
   Cast: Foxfire           |    62 |    24 ||    86
         Scorch            |       |     4 ||     4
    Use: Scroll            |     4 |     6 ||    10
 Armour: Robe              |    12 |     9 ||    21
  Dodge: Dodged            |     7 |     7 ||    14

Table legend: (Time is in decaauts)
 A = Elapsed time spent in this place.
 B = Non-inter-level travel time spent in this place.
 C = Inter-level travel time spent in this place.
 D = Time resting spent in this place.
 E = Time spent auto-exploring this place.
 F = Levels seen in this place.
 G = Mean time per level.
                   A        B        C        D        E       F      G
               +--------+--------+--------+--------+--------+-----+--------+
         Total |   2880 |   2728 |    152 |      0 |   2377 |   5 |  576.0 |
       Dungeon |   2826 |   2674 |    152 |      0 |   2352 |   4 |  706.5 |
       Ossuary |     54 |     54 |      0 |      0 |     25 |   1 |   54.0 |
               +--------+--------+--------+--------+--------+-----+--------+

Top non-repeatable levels by time:
     D:1: 1055 daAuts
     D:2: 1010 daAuts
     D:3: 731 daAuts
 Ossuary: 54 daAuts
     D:4: 29 daAuts
